 Dungeon Crawl Stone Soup version 0.23.2-30-g0e89c35649 (webtiles) character file.

Game seed: 10033603317227224373

1071 cab the Geomancer (level 8, 0/47 HPs)
             Began as a Gargoyle Earth Elementalist on June 10, 2019.
             Was a Follower of Vehumet.
             Shot with an arrow by a centaur (7 damage)
             ... on level 6 of the Dungeon.
             The game lasted 00:27:39 (8002 turns).

cab the Geomancer (Gargoyle Earth Elementalist)     Turns: 8002, Time: 00:27:39

Health: 0/47       AC:  9    Str: 12    XL:     8   Next: 28%
Magic:  13/13      EV: 12    Int: 18    God:    Vehumet [*.....]
Gold:   222        SH:  0    Dex: 10    Spells: 10/14 levels left

rFire    . . .     SeeInvis .   o - +1 short sword (speed)
rCold    + . .     Gourm    .   (no shield)
rNeg     + . .     Faith    .   C - +2 robe {rC+}
rPois    ∞         Spirit   .   (no helmet)
rElec    +         Reflect  .   (no cloak)
rCorr    .         Harm     .   (no gloves)
MR       .....                  (no boots)
Stlth    ++........             (no amulet)
HPRegen  0.15/turn              (no ring)
MPRegen  0.13/turn              (no ring)

@: no status effects
A: negative energy resistance 1, electricity resistance, unbreathing,
petrification resistance, rot immunity, AC +5
a: Renounce Religion


You were on level 6 of the Dungeon.
You worshipped Vehumet.
Vehumet was aware of your devotion.
You were not hungry.

You visited 2 branches of the dungeon, and saw 7 of its levels.

You collected 222 gold pieces.

Inventory:

Hand Weapons
 a - a +0 mace
 f - a +0 dagger
 n - a +0 whip
 o - a +1 short sword of speed (weapon)
 u - a +0 mace
Missiles
 b - 217 stones (quivered)
 i - 101 arrows
 q - 65 sling bullets
Armour
 c - a +0 robe
 v - a +0 leather armour
 C - a +2 robe of cold resistance (worn)
 D - a +0 leather armour
 E - a +0 cloak
 F - a +2 leather armour of fire resistance
Wands
 y - a wand of iceblast (5)
Scrolls
 e - 2 scrolls of immolation {unknown}
 h - 3 scrolls of identify {unknown}
 j - 3 scrolls of remove curse {unknown}
 k - 2 scrolls of random uselessness {unknown}
 m - 2 scrolls of magic mapping {unknown}
 p - 2 scrolls of teleportation {unknown}
 r - 2 scrolls of blinking {unknown}
 t - 3 scrolls of enchant armour {unknown}
Potions
 g - 2 potions of lignification {unknown}
 l - 2 potions of invisibility {unknown}
 s - a potion of flight {unknown}
 w - 2 potions of brilliance {unknown}
 x - a potion of magic {unknown}
 z - a potion of mutation {unknown}
 A - a potion of ambrosia {unknown}
 B - 4 potions of curing {unknown}
 H - 3 potions of haste {unknown}
Comestibles
 d - 7 rations
 G - 2 chunks of flesh


   Skills:
 + Level 3.6 Fighting
 + Level 3.1 Armour
 - Level 1.5 Dodging
 - Level 2.1 Stealth
 + Level 3.7 Spellcasting
 - Level 4.0 Conjurations
   Level 0.7 Transmutations
 + Level 8.2 Earth Magic


You had 10 spell levels left.
You knew the following spells:

 Your Spells              Type           Power        Failure   Level  Hunger
a - Sandblast             Erth           ####..       1%          1    None
b - Stone Arrow           Conj/Erth      ####..       3%          3    ###....

Your spell library contained the following spells:

 Spells                   Type           Power        Failure   Level  Hunger
 Shock                    Conj/Air       ##..         7%          1    None
 Passwall                 Tmut/Erth      ###.....     3%          2    ##.....
 Lee's Rapid Deconstruct  Erth           ####......   14%         5    ######.
 Petrify                  Tmut/Erth      ###.....     24%         4    ####...


Dungeon Overview and Level Annotations

Branches:
Dungeon (6/15)             Temple (1/1) D:4

Altars:
Cheibriados
Elyvilon
Fedhas
Gozag
Hepliaklqana
Kikubaaqudgha
Nemelex Xobeh
Okawaru
Qazlal
Ru
Sif Muna
Trog
Uskayaw
Vehumet
Wu Jian
Xom
Yredelemnul


Innate Abilities, Weirdness & Mutations

You are resistant to torment.
Your stone body is resilient. (AC +5)
You are immune to poison.
You resist negative energy. (rN+)
You are resistant to electric shocks. (rElec)
You can survive without breathing.
You are immune to petrification.
You are immune to rotting.


Message History

You kill the adder!
Vehumet accepts your kill.
Found a stone staircase leading down.
You now have 222 gold pieces (gained 12).
The centaur shouts!
A centaur comes into view.
The centaur wields a +0 shortbow.
The centaur shoots an arrow.
The arrow hits you!
You see here an arrow.
The centaur shoots an arrow.
The arrow hits you!
The centaur shouts!
You see here an arrow.
The centaur wields a +0 shortbow.
The centaur shoots an arrow.
The arrow hits you!
The centaur shoots an arrow.
The arrow barely misses you.
The centaur shoots an arrow.
The arrow hits you but does no damage.
You see here 3 arrows.
The centaur shoots an arrow.
The arrow hits you!
* * * LOW HITPOINT WARNING * * *
The centaur shoots an arrow.
The arrow hits you!
You die...

.........####.
#.#..÷....
#....####. ##...#
#. #...# #< #...#
#. ##########...#
#. #............#
##.
#@########..####.#
#(# #......## #(#
#.#####.# #.# #.#
##. ##.## #.# #.
#..(# #.# #.
#.....c#c........#
#.
##.###>..#######
#. ##.## #.


You could see 2 centaurs.

Vanquished Creatures
  An orc warrior (D:3)
  A big kobold (D:4)
  A bullfrog (D:6)
  3 scorpions
  A howler monkey (D:5)
  2 crimson imps
  2 hounds (D:5)
  2 orc wizards (D:3)
  3 orc priests
  Crazy Yiuf (D:2)
  3 iguanas
  A worker ant (D:4)
  A killer bee zombie (D:3)
  A hound skeleton (D:5)
  3 gnolls (D:2)
  A howler monkey skeleton (D:5)
  5 adders
  2 shadow imps (D:6)
  2 oozes (D:2)
  An adder skeleton (D:4)
  3 worms
  A dart slug (D:3)
  3 leopard geckos
  8 orcs
  6 giant cockroaches
  5 goblins
  8 hobgoblins
  13 jackals
  10 kobolds
  A quokka (D:2)
  2 ball pythons (D:1)
  15 bats
  6 frilled lizards
  A jackal skeleton (D:5)
  A quokka zombie (D:5)
  6 rats
126 creatures vanquished.

Vanquished Creatures (others)
  An adder (D:2)
  A rat (D:2)
2 creatures vanquished.

Grand Total: 128 creatures vanquished

Notes
Turn   | Place    | Note
-------+----------+-------------------------------------------
     0 | D:1      | cab the Gargoyle Earth Elementalist began the quest for the
                  | Orb.
     0 | D:1      | Reached XP level 1. HP: 10/10 MP: 3/3
   210 | D:1      | Reached skill level 4 in Earth Magic
   313 | D:1      | Reached XP level 2. HP: 12/15 MP: 3/5
   874 | D:1      | Reached skill level 5 in Earth Magic
   874 | D:1      | Reached XP level 3. HP: 17/19 MP: 6/6
   908 | D:1      | Learned a level 3 spell: Stone Arrow
  1778 | D:2      | Reached skill level 1 in Conjurations
  1881 | D:2      | Reached XP level 4. HP: 23/24 MP: 7/7
  2102 | D:2      | Found a white marble altar of Elyvilon.
  2383 | D:2      | Found a runed translucent door.
  2384 | D:2      | Noticed Crazy Yiuf
  2393 | D:2      | Killed Crazy Yiuf
  2393 | D:2      | Reached skill level 6 in Earth Magic
  2393 | D:2      | Reached XP level 5. HP: 6/28 MP: 1/8
  2709 | D:2      | Found a bloodstained altar of Trog.
  3215 | D:3      | HP: 1/28 [orc/+0 dagger (2)]
  3625 | D:3      | Found an iron altar of Okawaru.
  3625 | D:3      | Found an opulent altar of Gozag.
  3709 | D:3      | Noticed an orc warrior
  3709 | D:3      | You fall through a shaft for 3 floors!
  3710 | D:6      | Noticed a centaur
  3868 | D:5      | Entered Level 5 of the Dungeon
  3868 | D:5      | Found a blossoming altar of Fedhas.
  3899 | D:5      | Reached XP level 6. HP: 27/32 MP: 6/9
  4104 | D:4      | Found a staircase to the Ecumenical Temple.
  4159 | Temple   | Entered the Ecumenical Temple
  4252 | Temple   | Became a worshipper of Vehumet
  4664 | D:3      | Reached skill level 7 in Earth Magic
  4861 | D:3      | Reached * piety under Vehumet
  4861 | D:3      | Offered knowledge of Shock by Vehumet.
  5118 | D:3      | Reached skill level 1 in Fighting
  5132 | D:3      | Reached XP level 7. HP: 7/38 MP: 2/10
  5926 | D:3      | Reached skill level 1 in Armour
  6284 | D:4      | Found an ancient bone altar of Kikubaaqudgha.
  6286 | D:4      | Found an ornate altar of the Wu Jian Council.
  6289 | D:4      | Found a blossoming altar of Fedhas.
  6289 | D:4      | Found a deep blue altar of Sif Muna.
  6290 | D:4      | Found a basalt altar of Yredelemnul.
  7280 | D:5      | Reached skill level 8 in Earth Magic
  7280 | D:5      | Reached XP level 8. HP: 22/46 MP: 10/13
  7797 | D:5      | Found a snail-covered altar of Cheibriados.
  8002 | D:6      | Shot with an arrow by a centaur

Skill      XL: |  1  2  3  4  5  6  7  8 |
---------------+-------------------------+-----
Earth Magic    | 4 5 6 7 8 |  8.2
Conjurations   | 1 2 3 4 |  4.0
Fighting       | 1 3 |  3.6
Armour         | 2 3 |  3.1
Spellcasting   | 3 |  3.7
Dodging        | |  1.5
Stealth        | |  2.1
Transmutations | |  0.7

Action                   |  1- 3 |  4- 6 |  7- 9 || total
-------------------------+-------+-------+-------++-------
Melee: Unarmed           |    26 |       |       ||    26
       Dagger            |   156 |       |       ||   156
       Short sword       |    16 |   223 |   172 ||   411
 Cast: Sandblast         |    10 |    35 |    30 ||    75
       Stone Arrow       |     1 |     2 |     9 ||    12
 Stab: Distracted        |     1 |       |       ||     1
       Sleeping          |     3 |     3 |     2 ||     8
  Eat: Chunk             |     3 |    11 |     7 ||    21
       Ration            |       |       |     1 ||     1
Armor: Robe              |    90 |    63 |    46 ||   199
Dodge: Dodged            |   168 |   139 |    81 ||   388
